[Event "Titled Tuesday Blitz November 07 Early 2023"]
[White "Dinu, Dumitru-Daniel"]
[Black "Piesik, Piotr"]
[WhiteFideId "1208403"]
[BlackFideId "1136194"]
[WhiteElo "2495"]
[BlackElo "2666"]
[Result "1/2-1/2"]
[Round "9"]
[TimeControl "180+1"]
[Date "2023.11.07"]
[WhiteClock "0:00:13"]
[BlackClock "0:01:31"]
[Board "69"]

1. e4 g6 2. d4 Bg7 3. Nc3 c6 4. Nf3 d6 5. Bc4 Nf6 6. O-O b5 7. Bd3 O-O 8. a4 b4 9. Ne2 a5 10. c3 Ba6 11. Bxa6 Nxa6 12. e5 Nd5 13. exd6 exd6 14. Bg5 Qd7 15. Nf4 Nac7 16. Nxd5 Nxd5 17. c4 Nb6 18. Qd3 Rfe8 19. b3 d5 20. c5 Nc8 21. Rfe1 Ne7 22. Ne5 Bxe5 23. Rxe5 Nf5 24. Rae1 Rxe5 25. Rxe5 Re8 26. Bf6 Rxe5 27. Bxe5 Qe6 28. g4 Nh4 29. h3 f6 30. Bg3 Qe1+ 31. Kh2 Qc3 32. Qa6 Nf3+ 33. Kg2 Nxd4 34. Qc8+ Kg7 35. Qc7+ Kh6 36. Qf4+ Kg7 37. Qc7+ Kh6 38. Qf4+ Kg7 39. Qc7+ 1/2-1/2


[Site "https://www.chess.com"]

[Event "Titled Tuesday Blitz November 07 Early 2023"]
[White "Shuvalova, Polina"]
[Black "FoxOnTheRun97"]
[WhiteFideId "24171760"]
[WhiteElo "2655"]
[BlackElo "2618"]
[Result "1-0"]
[Round "9"]
[TimeControl "180+1"]
[Date "2023.11.07"]
[WhiteClock "0:00:14"]
[BlackClock "0:00:00"]
[Board "70"]

1. e4 c6 2. d4 d5 3. exd5 cxd5 4. Bd3 Nc6 5. c3 Qc7 6. Ne2 e5 7. dxe5 Nxe5 8. Bb5+ Bd7 9. Bxd7+ Nxd7 10. O-O Ngf6 11. Re1 O-O-O 12. Bf4 Bd6 13. Bxd6 Qxd6 14. Qd4 Kb8 15. Nd2 Rhe8 16. Qf4 Nc5 17. Qxd6+ Rxd6 18. Nd4 Rxe1+ 19. Rxe1 Nd3 20. Re7 Rd7 21. Rxd7 Nxd7 22. b3 g6 23. f3 a6 24. Kf1 Kc7 25. Ke2 Nf4+ 26. Kf2 Ne6 27. Ke3 Kd6 28. f4 Nf6 29. N2f3 Ne4 30. c4 Nc3 31. Ne5 f6 32. Nf7+ Ke7 33. Nxe6 Kxf7 34. Nd8+ Ke7 35. Nxb7 dxc4 36. Kd4 Ne2+ 37. Kxc4 Nxf4 38. g3 Ne6 39. b4 f5 40. a4 g5 41. Kd5 f4 42. gxf4 Nxf4+ 43. Ke4 Ne6 44. Kf5 Nd4+ 45. Kxg5 Nf3+ 46. Kf4 Nxh2 47. Nc5 Kd6 48. Nxa6 Kc6 49. b5+ Kb6 50. Nb4 Nf1 51. Nd5+ Kb7 52. a5 Nd2 53. a6+ Ka7 54. Kg5 Nc4 55. Nb4 Nd6 56. Nc6+ Kb6 57. a7 Kb7 58. b6 Nc8 59. Nd8+ 1-0


[Site "https://www.chess.com"]

[Event "Titled Tuesday Blitz November 07 Early 2023"]
[White "Kostiukov, Alexandr"]
[Black "Thomforde-Toates, Noah"]
[WhiteFideId "14108100"]
[BlackFideId "30951992"]
[WhiteElo "2468"]
[BlackElo "2647"]
[Result "0-1"]
[Round "9"]
[TimeControl "180+1"]
[Date "2023.11.07"]
[WhiteClock "0:00:11"]
[BlackClock "0:01:20"]
[Board "71"]

1. g3 g6 2. Bg2 Bg7 3. Nf3 Nf6 4. c4 O-O 5. O-O d6 6. d4 Nc6 7. Nc3 e5 8. d5 Nb8 9. c5 Nbd7 10. cxd6 cxd6 11. h3 Nc5 12. b4 Nce4 13. Nxe4 Nxe4 14. Bb2 Bd7 15. Nd2 Nxd2 16. Qxd2 f5 17. f4 Qb6+ 18. Kh1 Rfe8 19. e3 Rac8 20. a3 exf4 21. Bxg7 Kxg7 22. exf4 Qe3 23. Qb2+ Qc3 24. Qf2 Re3 25. Kh2 Rce8 26. Rfc1 Qd3 27. Rd1 Qe2 28. Qg1 g5 29. fxg5 f4 30. Rf1 Rxg3 31. Kh1 Bxh3 32. Rf2 Bxg2+ 33. Rxg2 Qh5+ 34. Rh2 Qf3+ 35. Rg2 Rh3+ 36. Qh2 Rxh2+ 37. Kxh2 Re3 0-1


[Site "https://www.chess.com"]

[Event "Titled Tuesday Blitz November 07 Early 2023"]
[White "Manukyan, Sargis V."]
[Black "Arabidze, Meri"]
[WhiteFideId "13303465"]
[BlackFideId "13604040"]
[WhiteElo "2462"]
[BlackElo "2635"]
[Result "0-1"]
[Round "9"]
[TimeControl "180+1"]
[Date "2023.11.07"]
[WhiteClock "0:00:00"]
[BlackClock "0:00:14"]
[Board "72"]

1. d4 Nf6 2. Nc3 d5 3. Bf4 c6 4. Nf3 g6 5. e3 Bg7 6. Bd3 O-O 7. O-O Bf5 8. Bxf5 gxf5 9. Ne5 Nbd7 10. Bg3 Kh8 11. h3 e6 12. Kh2 Qe8 13. f4 Rg8 14. Bh4 Nf8 15. g4 Ng6 16. Bg3 Ne4 17. Nxe4 dxe4 18. gxf5 exf5 19. Qh5 Qe6 20. Rg1 Rgc8 21. c3 c5 22. Rac1 cxd4 23. cxd4 Qxa2 24. Rxc8+ Rxc8 25. Qxf5 Qxb2+ 26. Kh1 Rf8 27. Qxe4 f5 28. Qd5 Nxe5 29. fxe5 Qe2 30. Qg2 Qxg2+ 31. Rxg2 Re8 32. Rc2 a5 33. Rc7 a4 34. Rxb7 Ra8 35. Rb2 a3 36. Ra2 Ra5 37. Kg2 Kg8 38. Kf2 Kf7 39. Ke2 Ke6 40. Kd3 Kd5 41. Kc3 Bf8 42. Kd3 Rb5 43. Be1 Rb3+ 44. Ke2 Rb2+ 45. Rxb2 axb2 46. Bd2 b1=Q 47. e6 Kxe6 48. e4 Qxe4+ 49. Kd1 Kd5 0-1


[Site "https://www.chess.com"]

[Event "Titled Tuesday Blitz November 07 Early 2023"]
[White "Kvaloy, Aksel Bu"]
[Black "Tsotsonava, Elene"]
[WhiteFideId "1528815"]
[BlackFideId "13615939"]
[WhiteElo "2631"]
[BlackElo "2428"]
[Result "1/2-1/2"]
[Round "9"]
[TimeControl "180+1"]
[Date "2023.11.07"]
[WhiteClock "0:00:10"]
[BlackClock "0:00:17"]
[Board "73"]

1. d4 Nf6 2. Nf3 e6 3. Bg5 d5 4. Nbd2 Be7 5. e3 h6 6. Bh4 c5 7. c3 O-O 8. Bd3 b6 9. Qe2 Bb7 10. O-O Ne4 11. Bxe7 Qxe7 12. Ne5 Nd7 13. Nxd7 Qxd7 14. f3 Nxd2 15. Qxd2 Qc7 16. Qe2 e5 17. f4 e4 18. Bc2 a5 19. Ba4 Ba6 20. Bb5 c4 21. Bxa6 Rxa6 22. b3 Rc8 23. a3 Ra7 24. b4 axb4 25. axb4 Rca8 26. Qb2 b5 27. h3 Ra4 28. Rxa4 Rxa4 29. Ra1 Qa7 30. Rxa4 Qxa4 31. Qd2 Qa1+ 32. Kf2 g6 33. Qc2 Kg7 34. Qd2 f5 35. Kg3 Kf6 36. Kh2 g5 37. g3 Qb1 38. Qf2 g4 39. hxg4 fxg4 40. Qd2 Kf5 41. Kg2 h5 42. Kh2 Qd3 43. Qe1 Qc2+ 44. Kg1 Kg6 45. Kh1 Qb2 46. Kg1 Kf5 47. Kh1 Qc2 48. Kg1 Qa4 49. Kh1 Qa8 50. Kg1 Qa2 51. Kh1 Qb2 52. Kg1 Kf6 53. Kh1 Kg6 54. Kg1 Kf5 55. Kh1 Qa3 56. Qd2 Qa1+ 57. Kg2 Qa3 58. Qe1 Qb2+ 59. Kh1 1/2-1/2


[Site "https://www.chess.com"]

[Event "Titled Tuesday Blitz November 07 Early 2023"]
[White "vishwa_vijeta"]
[Black "Dishman, Stephen"]
[BlackFideId "403024"]
[WhiteElo "2493"]
[BlackElo "2389"]
[Result "1-0"]
[Round "9"]
[TimeControl "180+1"]
[Date "2023.11.07"]
[WhiteClock "0:00:31"]
[BlackClock "0:00:11"]
[Board "74"]

1. e4 c5 2. Nf3 g6 3. d4 cxd4 4. Nxd4 Nc6 5. c4 Nf6 6. Nc3 d6 7. Be2 Nxd4 8. Qxd4 Bg7 9. O-O O-O 10. Qd1 a5 11. Be3 a4 12. Nxa4 Nxe4 13. Nb6 Ra5 14. Nxc8 Qxc8 15. Bd4 Qa8 16. Bxg7 Kxg7 17. Qd4+ Nf6 18. a3 Qa7 19. Qc3 Rc8 20. b4 Re5 21. Bf3 b5 22. c5 Rf5 23. g4 Re5 24. Rfe1 Rxe1+ 25. Rxe1 h6 26. h4 Kg8 27. g5 hxg5 28. hxg5 Nh7 29. Bg4 e6 30. Rxe6 Nxg5 31. Rxg6+ fxg6 32. Bxc8 Nf3+ 33. Qxf3 dxc5 34. Be6+ Kg7 35. Qc3+ Kh6 36. Qxc5 Qxa3 37. Qf8+ Kg5 38. f4+ Kh4 39. Qh6+ Kg3 40. Qh3+ 1-0


[Site "https://www.chess.com"]

[Event "Titled Tuesday Blitz November 07 Early 2023"]
[White "Marchesich, Giovanni"]
[Black "Shimanov, Aleksandr"]
[WhiteFideId "2824790"]
[BlackFideId "4198603"]
[WhiteElo "2399"]
[BlackElo "2925"]
[Result "1-0"]
[Round "9"]
[TimeControl "180+1"]
[Date "2023.11.07"]
[WhiteClock "0:01:25"]
[BlackClock "0:00:20"]
[Board "75"]

1. e4 c5 2. Nf3 Nc6 3. Nc3 e6 4. d4 cxd4 5. Nxd4 Qc7 6. g3 Bb4 7. Bg2 Nf6 8. O-O a6 9. Bf4 e5 10. Nxc6 dxc6 11. Bg5 Be7 12. Qe2 h6 13. Be3 O-O 14. Na4 Nd7 15. c4 b5 16. Nc3 Nc5 17. cxb5 axb5 18. Rac1 Be6 19. Nd5 cxd5 20. exd5 Bxd5 21. Bxd5 Rad8 22. Bg2 b4 23. Qc4 Rc8 24. Bh3 Qb7 25. Bxc8 Rxc8 26. Rfd1 Rc7 27. Qd5 Qc8 28. Bxc5 Bxc5 29. Qd8+ Kh7 30. Qxc8 Rxc8 31. Kf1 Rc7 32. Rd5 Bb6 33. Rxc7 Bxc7 34. a4 bxa3 35. bxa3 Kg6 36. a4 Kf5 37. Rc5 Bb6 38. Rc6 Bd4 39. a5 Ke4 40. a6 Kd5 41. Rc7 Kd6 42. a7 Kxc7 43. a8=Q Kd6 44. Qf8+ Ke6 45. Qxg7 1-0


[Site "https://www.chess.com"]

[Event "Titled Tuesday Blitz November 07 Early 2023"]
[White "Santos Flores, Alberto"]
[Black "BardArtem"]
[WhiteFideId "3601234"]
[WhiteElo "2505"]
[BlackElo "2782"]
[Result "1-0"]
[Round "9"]
[TimeControl "180+1"]
[Date "2023.11.07"]
[WhiteClock "0:01:27"]
[BlackClock "0:00:00"]
[Board "76"]

1. e4 e5 2. Nf3 Nc6 3. Bc4 Bc5 4. O-O Nf6 5. d4 Bxd4 6. Nxd4 Nxd4 7. Bg5 O-O 8. f4 Nc6 9. Nc3 h6 10. Bh4 exf4 11. Rxf4 g5 12. Nd5 Nxd5 13. Bxd5 gxh4 14. Qh5 Qg5 15. Rg4 Qg7 16. Rxg7+ Kxg7 17. Rf1 Nd8 18. Qxh4 d6 19. Qf6+ Kh7 20. e5 Be6 21. Be4+ Kg8 22. Qxh6 f5 23. exf6 Rf7 24. Rf3 d5 25. Rg3+ 1-0


[Site "https://www.chess.com"]

[Event "Titled Tuesday Blitz November 07 Early 2023"]
[White "Hayrapetyan, Hovik"]
[Black "Lehtosaari, Mauri"]
[WhiteFideId "13302639"]
[BlackFideId "501999"]
[WhiteElo "2752"]
[BlackElo "2497"]
[Result "1-0"]
[Round "9"]
[TimeControl "180+1"]
[Date "2023.11.07"]
[WhiteClock "0:00:15"]
[BlackClock "0:00:01"]
[Board "77"]

1. d4 d5 2. c4 c6 3. Nf3 Nf6 4. Nc3 dxc4 5. a4 Bf5 6. e3 e6 7. Bxc4 Bb4 8. O-O O-O 9. Qe2 Bg6 10. Ne5 Nbd7 11. Nxg6 hxg6 12. Rd1 Qa5 13. e4 e5 14. dxe5 Nxe5 15. Bb3 Rad8 16. Bf4 Nh5 17. Be3 Nf6 18. Bd4 Rfe8 19. h3 Nh5 20. Qe3 b6 21. Na2 Bd6 22. Bc3 Qa6 23. Nb4 Qb7 24. Nd3 Nxd3 25. Rxd3 Qc7 26. Rad1 Bc5 27. Qf3 Rxd3 28. Rxd3 Nf6 29. Bxf6 gxf6 30. Qxf6 Qe7 31. Qxg6+ Kf8 32. Qh6+ Kg8 33. Rg3+ 1-0


[Site "https://www.chess.com"]

[Event "Titled Tuesday Blitz November 07 Early 2023"]
[White "Hambleton, Aman"]
[Black "Grossboss19"]
[WhiteFideId "2606577"]
[WhiteElo "2729"]
[BlackElo "2496"]
[Result "0-1"]
[Round "9"]
[TimeControl "180+1"]
[Date "2023.11.07"]
[WhiteClock "0:00:02"]
[BlackClock "0:00:32"]
[Board "78"]

1. d4 Nf6 2. Bf4 g6 3. Nc3 d5 4. e3 Bg7 5. Nb5 Na6 6. h3 O-O 7. Nf3 c6 8. Nc3 Nc7 9. Be2 Ne6 10. Be5 Ne8 11. Bxg7 N6xg7 12. O-O Nd6 13. Re1 f6 14. Bd3 Bf5 15. e4 dxe4 16. Nxe4 Nxe4 17. Bxe4 Bxe4 18. Rxe4 e6 19. Qe2 Qd7 20. Re1 Rae8 21. Qe3 Nf5 22. Qb3 Ng7 23. c3 Re7 24. Nd2 Rfe8 25. Nc4 Nf5 26. a4 Nd6 27. Nxd6 Qxd6 28. h4 Qd5 29. Qc2 Kg7 30. g3 e5 31. Qe2 Qa5 32. h5 f5 33. Rxe5 Rxe5 34. dxe5 Qxa4 35. h6+ Kxh6 36. Qd2+ f4 37. c4 Qxc4 38. b3 Qf7 39. Re4 Kg7 40. Rxf4 Qd5 41. Rd4 Qxe5 42. Rd7+ Re7 43. Rd8 Qe1+ 44. Qxe1 Rxe1+ 45. Kg2 Re7 46. f4 a6 47. Kf3 Kf6 48. Rb8 h5 49. Rc8 Rd7 50. Ke4 Ke6 51. Rg8 Kf7 52. Rb8 Re7+ 53. Kf3 Ke6 54. Rg8 Kf6 55. Rf8+ Rf7 56. Rb8 Rg7 57. Re8 g5 58. Rh8 Kg6 59. Re8 gxf4 60. gxf4 Rd7 61. Re6+ Kf5 62. Re5+ Kf6 63. Rxh5 Rd3+ 64. Ke4 Rxb3 65. Rh7 Rb4+ 66. Ke3 a5 67. Rh6+ Kg7 68. Rh5 a4 69. Rh2 Kf6 70. Ra2 Kf5 71. Rh2 Re4+ 72. Kd3 Rxf4 73. Rh5+ Ke6 74. Ra5 b5 75. Kc3 Kd5 76. Ra8 Kc5 77. Re8 Rf3+ 78. Kb2 Kb4 79. Re4+ Ka5 80. Re2 c5 81. Ka2 c4 82. Kb2 a3+ 83. Ka2 Ka4 84. Re1 Rf2+ 85. Ka1 c3 86. Re4+ Kb3 87. Re1 b4 88. Rb1+ Kc4 89. Rh1 b3 90. Kb1 Rd2 91. Rh4+ Kd5 92. Rh1 c2+ 93. Ka1 Rd1+ 94. Rxd1+ cxd1=Q# 0-1


[Site "https://www.chess.com"]

[Event "Titled Tuesday Blitz November 07 Early 2023"]
[White "Khater, Sherif"]
[Black "Harikrishnan.A.Ra"]
[WhiteFideId "2034280"]
[BlackFideId "5081483"]
[WhiteElo "2495"]
[BlackElo "2681"]
[Result "0-1"]
[Round "9"]
[TimeControl "180+1"]
[Date "2023.11.07"]
[WhiteClock "0:00:15"]
[BlackClock "0:00:30"]
[Board "79"]

1. d4 Nf6 2. Bg5 d5 3. Bxf6 gxf6 4. e3 c5 5. c4 cxd4 6. Qxd4 dxc4 7. Qxd8+ Kxd8 8. Bxc4 e6 9. Ne2 Bb4+ 10. Nbc3 Ke7 11. O-O a6 12. Bd3 Nc6 13. Be4 Ne5 14. g3 Rb8 15. Rfd1 f5 16. Bg2 Bd7 17. Rac1 Rhc8 18. a3 Ba5 19. b4 Bb6 20. Nf4 Ba7 21. h3 Nc4 22. Rd3 Be8 23. Kh2 Kf8 24. Ra1 Nb2 25. Rd2 Rxc3 26. Rxb2 b5 27. Rd2 Bb6 28. h4 a5 29. Bf3 axb4 30. axb4 Rb3 31. Rda2 Rxb4 32. Ra8 Rxa8 33. Rxa8 Ke7 34. Rb8 Bc7 35. Rb7 Kd8 36. Ra7 Ra4 37. Rb7 Kc8 38. Nd3 Bd6 39. Rb6 Bc7 40. Rb7 Ra2 41. Nb4 Rxf2+ 42. Bg2 Rxg2+ 0-1


[Site "https://www.chess.com"]

[Event "Titled Tuesday Blitz November 07 Early 2023"]
[White "Willy, Stephen"]
[Black "Adla, Diego"]
[WhiteFideId "30981468"]
[BlackFideId "100072"]
[WhiteElo "2490"]
[BlackElo "2647"]
[Result "0-1"]
[Round "9"]
[TimeControl "180+1"]
[Date "2023.11.07"]
[WhiteClock "0:01:30"]
[BlackClock "0:01:56"]
[Board "80"]

1. e4 e5 2. Nf3 Nc6 3. c3 d5 4. Qa4 Bd7 5. exd5 Nd4 6. Qd1 Nxf3+ 7. Qxf3 Nf6 8. c4 e4 9. Qd1 Bc5 10. d4 exd3 11. Bxd3 Ng4 12. Qe2+ Kf8 13. O-O Qh4 14. h3 Re8 15. Qf3 Nxf2 16. Rxf2 Re1+ 17. Kh2 Qxf2 18. Qxf2 Bxf2 19. Bf4 Bg1+ 20. Kg3 h5 21. Bxc7 Re3+ 0-1


[Site "https://www.chess.com"]

[Event "Titled Tuesday Blitz November 07 Early 2023"]
[White "Ambartsumova, Karina"]
[Black "Pinto, Daniel"]
[WhiteFideId "4166299"]
[BlackFideId "3303144"]
[WhiteElo "2602"]
[BlackElo "2485"]
[Result "0-1"]
[Round "9"]
[TimeControl "180+1"]
[Date "2023.11.07"]
[WhiteClock "0:01:44"]
[BlackClock "0:01:57"]
[Board "81"]

1. d4 Nf6 2. c4 c5 3. d5 d6 4. Nc3 g6 5. Nf3 Bg7 6. e4 O-O 7. Be2 e6 8. O-O exd5 9. cxd5 Re8 10. Nd2 b6 11. a4 Nbd7 12. Bb5 a6 13. Bc6 Rb8 14. Nc4 Nxe4 15. Nxe4 Rxe4 16. Nxd6 Rd4 17. Qf3 Ne5 18. Nxf7 Nxf3+ 19. gxf3 Kxf7 0-1


[Site "https://www.chess.com"]

[Event "Titled Tuesday Blitz November 07 Early 2023"]
[White "Herzog2012"]
[Black "Devaev, Alexander"]
[BlackFideId "4169395"]
[WhiteElo "2579"]
[BlackElo "2477"]
[Result "1-0"]
[Round "9"]
[TimeControl "180+1"]
[Date "2023.11.07"]
[WhiteClock "0:00:04"]
[BlackClock "0:00:24"]
[Board "82"]

1. e4 c6 2. d4 d5 3. e5 Bf5 4. Nf3 e6 5. Be2 Nd7 6. O-O a6 7. Nbd2 h6 8. Nb3 c5 9. dxc5 Bxc5 10. Nxc5 Nxc5 11. Be3 Nd7 12. c4 Ne7 13. Rc1 O-O 14. Qb3 Qb8 15. Rfd1 Bg4 16. Bd4 dxc4 17. Rxc4 Nd5 18. h3 Bh5 19. Rdc1 Bxf3 20. Bxf3 Nxe5 21. Bxe5 Qxe5 22. Qxb7 Rab8 23. Qxa6 Rxb2 24. a4 Nf4 25. Rc8 Rxc8 26. Qxc8+ Kh7 27. Qc3 Qxc3 28. Rxc3 Rb1+ 29. Kh2 Ra1 30. Rc4 Re1 31. Rxf4 f5 32. Rb4 e5 33. Rb5 e4 34. Bh5 Ra1 35. Rxf5 Rxa4 36. Rf4 g5 37. Rf7+ Kg8 38. Re7 Kf8 39. Re8+ Kg7 40. f3 exf3 41. Bxf3 Rf4 42. Re7+ Kf6 43. Re4 Rf5 44. Bg4 Ra5 45. Re6+ Kg7 46. Kg3 Ra3+ 47. Bf3 Ra7 48. Rd6 Re7 49. Kg4 Rf7 50. Kh5 Rf4 51. Rg6+ Kf7 52. Rxh6 g4 53. Bxg4 Rf2 54. Bf3 Kg7 55. Rg6+ Kh7 56. Rf6 Rb2 57. Rf7+ Kg8 58. Rf4 Rb5+ 59. Kg4 Rb6 60. h4 Kg7 61. h5 Kh6 62. Kh4 Rb1 63. Rf6+ Kg7 64. Kg5 Kh7 65. Be4+ Kg7 66. h6+ Kh8 67. Rf8# 1-0


[Site "https://www.chess.com"]

[Event "Titled Tuesday Blitz November 07 Early 2023"]
[White "Derjabin, Ilja"]
[Black "ploxoi"]
[WhiteFideId "14104768"]
[WhiteElo "2561"]
[BlackElo "2471"]
[Result "1-0"]
[Round "9"]
[TimeControl "180+1"]
[Date "2023.11.07"]
[WhiteClock "0:00:28"]
[BlackClock "0:00:10"]
[Board "83"]

1. d4 d5 2. c4 e6 3. Nc3 c6 4. Nf3 dxc4 5. e4 b5 6. e5 Bb7 7. a4 a6 8. Be2 Ne7 9. b3 Nd5 10. Ne4 c3 11. O-O b4 12. Bg5 Qc8 13. Re1 a5 14. Bc4 Nd7 15. Qd3 h6 16. Bh4 N7b6 17. Nd6+ Bxd6 18. exd6 O-O 19. Ne5 Nd7 20. Re4 N7f6 21. Rae1 c5 22. d7 Nxd7 23. Rg4 N7f6 24. Bxd5 Nxd5 25. Qg3 g5 26. Bxg5 f5 27. Bxh6+ Kh8 28. Rh4 1-0


[Site "https://www.chess.com"]

[Event "Titled Tuesday Blitz November 07 Early 2023"]
[White "Gavrilov, Maxim"]
[Black "Czerw, Dawid"]
[WhiteFideId "24271454"]
[BlackFideId "1145746"]
[WhiteElo "2558"]
[BlackElo "2463"]
[Result "0-1"]
[Round "9"]
[TimeControl "180+1"]
[Date "2023.11.07"]
[WhiteClock "0:00:00"]
[BlackClock "0:00:06"]
[Board "84"]

1. d4 d5 2. c4 c6 3. Nc3 Nf6 4. e3 a6 5. Nf3 b5 6. b3 Bg4 7. Be2 e6 8. Bb2 Nbd7 9. h3 Bxf3 10. Bxf3 Be7 11. O-O O-O 12. e4 b4 13. e5 bxc3 14. exf6 cxb2 15. fxe7 Qxe7 16. Rb1 Rab8 17. c5 e5 18. Re1 e4 19. Rxb2 f5 20. Be2 a5 21. Qd2 f4 22. Bf1 Qf6 23. Rc2 Rb4 24. Rd1 Qg6 25. Rc3 Nf6 26. Qxf4 Nh5 27. Qg4 Qf7 28. f3 Nf6 29. Qh4 Qg6 30. Be2 Nh5 31. fxe4 Nf4 32. Qg4 Qxe4 33. Bf3 Qe7 34. Kh2 h5 35. Qg3 Qf6 36. Qf2 Qg5 37. Re3 h4 38. Re5 Qf6 39. Qd2 Qg6 40. Rde1 Qg3+ 41. Kh1 Nxh3 42. Rh5 Nf4 43. Qc2 Nxh5 44. Bxh5 Qxe1+ 45. Kh2 Qg3+ 0-1


[Site "https://www.chess.com"]

[Event "Titled Tuesday Blitz November 07 Early 2023"]
[White "Avazkhonov, Alikhon"]
[Black "Haitin, Ilja"]
[WhiteFideId "14208504"]
[BlackFideId "4501764"]
[WhiteElo "2544"]
[BlackElo "2463"]
[Result "1-0"]
[Round "9"]
[TimeControl "180+1"]
[Date "2023.11.07"]
[WhiteClock "0:00:22"]
[BlackClock "0:00:09"]
[Board "85"]

1. d4 d5 2. c4 dxc4 3. Nf3 Nf6 4. e3 Bg4 5. Bxc4 e6 6. O-O Nbd7 7. Nc3 Bb4 8. h3 Bh5 9. a3 Bxc3 10. bxc3 O-O 11. Be2 c5 12. Bb2 Qa5 13. Qd3 Bg6 14. Qb5 Qxb5 15. Bxb5 a6 16. Be2 b5 17. a4 c4 18. axb5 axb5 19. Nd2 Ne4 20. Bf3 Rxa1 21. Rxa1 Nxd2 22. Bc6 Nf6 23. Ba3 Rb8 24. Bd6 Rc8 25. Bb7 Rd8 26. Bc7 Re8 27. Bc6 Rf8 28. Bd6 Nb3 29. Ra7 Rd8 30. Bc7 Rc8 31. Bb7 Rf8 32. Bd6 Rd8 33. Bc7 Re8 34. Bc6 Re7 35. Ra8+ Ne8 36. Bd6 Kf8 37. Rxe8# 1-0


[Site "https://www.chess.com"]

[Event "Titled Tuesday Blitz November 07 Early 2023"]
[White "Kotlyar, Kirill"]
[Black "Shishkov, Andrei"]
[WhiteFideId "24145599"]
[BlackFideId "4500563"]
[WhiteElo "2541"]
[BlackElo "2458"]
[Result "1-0"]
[Round "9"]
[TimeControl "180+1"]
[Date "2023.11.07"]
[WhiteClock "0:00:20"]
[BlackClock "0:00:00"]
[Board "86"]

1. c4 e5 2. Nc3 Bb4 3. Nd5 a5 4. a3 Be7 5. g3 Nf6 6. Bg2 O-O 7. d3 c6 8. Nxe7+ Qxe7 9. Nf3 d5 10. cxd5 cxd5 11. O-O Nc6 12. Bg5 h6 13. Bxf6 Qxf6 14. Nd2 Rd8 15. e3 Qe7 16. Qb3 Be6 17. Qa4 Rab8 18. Qb5 Qd7 19. Nb3 b6 20. Rac1 Rdc8 21. Rc2 Ne7 22. Qxd7 Bxd7 23. Rfc1 Rxc2 24. Rxc2 Rc8 25. Rxc8+ Bxc8 26. d4 f6 27. Bf1 Kf7 28. f3 Ke6 29. Kf2 Kd6 30. Ke1 Bd7 31. Kd2 Ba4 32. Nc1 Nc6 33. Kc3 Na7 34. b3 Bb5 35. Bg2 h5 36. a4 Ba6 37. f4 e4 38. b4 Bc4 39. b5 Nc8 40. Bh3 Ne7 41. Bg2 g6 42. Bxe4 dxe4 43. Kxc4 Nd5 44. Ne2 Nxe3+ 45. Kc3 Nd5+ 46. Kd2 f5 47. h4 Nb4 48. Nc3 Nd5 49. Nd1 Nc7 50. Ne3 Ne6 51. Kc3 Nc7 52. Nc4+ Ke6 53. Nxb6 Ke7 54. Kd2 Kd6 55. Nc4+ Kd5 56. Nxa5 Kxd4 57. Nc6+ Kc5 58. Ne7 Ne6 59. Nxg6 1-0


[Site "https://www.chess.com"]

[Event "Titled Tuesday Blitz November 07 Early 2023"]
[White "Slade, Theodore"]
[Black "lagunanivaria"]
[WhiteFideId "426547"]
[WhiteElo "2537"]
[BlackElo "2454"]
[Result "1-0"]
[Round "9"]
[TimeControl "180+1"]
[Date "2023.11.07"]
[WhiteClock "0:01:00"]
[BlackClock "0:00:18"]
[Board "87"]

1. d4 Nf6 2. c4 e6 3. g3 c5 4. d5 exd5 5. cxd5 d6 6. Nc3 g6 7. Bg2 Bg7 8. Nf3 O-O 9. O-O Re8 10. Bf4 a6 11. a4 Qe7 12. Re1 Nbd7 13. Nd2 Nh5 14. Nc4 Nxf4 15. gxf4 Rb8 16. a5 b5 17. axb6 Nxb6 18. Nxb6 Rxb6 19. Qd2 Qb7 20. Ra2 Bd7 21. e3 Rb8 22. Rb1 Rb4 23. Bf1 Bf5 24. Bd3 Bxd3 25. Qxd3 Rb3 26. Rba1 Rxb2 27. Rxb2 Qxb2 28. Rb1 Bxc3 29. Rxb2 Bxb2 30. Qxa6 Rd8 31. Qb6 Bf6 32. e4 Be7 33. Qc7 Kf8 34. Kg2 f6 35. Kf3 Ra8 36. e5 Ra3+ 37. Kg2 fxe5 38. fxe5 dxe5 39. d6 Bf6 40. Qc8+ Kg7 41. Qxc5 Rd3 42. Qc7+ Kh6 43. d7 e4 44. Qf4+ Bg5 45. Qf8+ Kh5 46. Qe8 e3 47. fxe3 Kg4 48. Qe4+ Kh5 49. Qxd3 h6 50. Qe2+ Kh4 51. h3 h5 52. Qf2# 1-0


[Site "https://www.chess.com"]

[Event "Titled Tuesday Blitz November 07 Early 2023"]
[White "Alinasab, Mobina"]
[Black "ExchangeAB"]
[WhiteFideId "12528897"]
[WhiteElo "2530"]
[BlackElo "2447"]
[Result "1-0"]
[Round "9"]
[TimeControl "180+1"]
[Date "2023.11.07"]
[WhiteClock "0:02:03"]
[BlackClock "0:01:40"]
[Board "88"]

1. e4 c6 2. d4 d5 3. Nd2 dxe4 4. Nxe4 Bf5 5. Ng3 Bg6 6. Nf3 Nd7 7. h4 h6 8. Bd3 Bxd3 9. Qxd3 e6 10. Bf4 Qa5+ 11. Bd2 Qc7 12. O-O-O Ngf6 13. Kb1 Bd6 14. Ne4 Nxe4 15. Qxe4 Nf6 16. Qd3 O-O-O 17. c3 Rhe8 18. Qe2 Kb8 19. Ne5 Bxe5 20. dxe5 Ng8 21. h5 Rd7 22. Bf4 Red8 23. Rxd7 Rxd7 24. Rd1 Qd8 25. Rxd7 Qxd7 26. Kc2 Ne7 27. c4 Qd4 28. g3 Kc7 29. Be3 Qe4+ 30. Qd3 Qxd3+ 31. Kxd3 Nf5 32. Bxa7 b6 33. c5 b5 34. Bb6+ Kd7 35. b3 Ne7 36. a4 bxa4 37. bxa4 Kc8 38. a5 Kb7 39. Bd8 Nd5 40. Ke4 Ka6 41. g4 Kb5 42. f4 Kxc5 43. a6 Nb6 44. g5 Nc8 45. gxh6 gxh6 46. Bg5 Kb4 47. Bxh6 c5 48. Bf8 Kb5 49. Bxc5 Kxc5 50. h6 Ne7 51. h7 Ng6 52. a7 1-0


[Site "https://www.chess.com"]

[Event "Titled Tuesday Blitz November 07 Early 2023"]
[White "Rietze, Clemens, Dr."]
[Black "Jovic, Stanoje"]
[WhiteFideId "24620351"]
[BlackFideId "905020"]
[WhiteElo "2527"]
[BlackElo "2446"]
[Result "1/2-1/2"]
[Round "9"]
[TimeControl "180+1"]
[Date "2023.11.07"]
[WhiteClock "0:00:13"]
[BlackClock "0:00:08"]
[Board "89"]

1. d4 Nf6 2. c4 e6 3. Nf3 d5 4. Nc3 Bb4 5. Qa4+ Nc6 6. cxd5 exd5 7. Bg5 O-O 8. e3 h6 9. Bxf6 Qxf6 10. Be2 Bd7 11. O-O Bxc3 12. bxc3 a6 13. Qb3 Qd6 14. c4 dxc4 15. Qxc4 b5 16. Qc3 Rfe8 17. Rfc1 Rac8 18. Ne1 Nb4 19. a3 Nd5 20. Qc2 c6 21. Nd3 Bf5 22. Qc5 Qxc5 23. Nxc5 a5 24. g4 Bg6 25. Bd3 Bxd3 26. Nxd3 f6 27. Rc2 Kf7 28. Rac1 Ne7 29. Kg2 g5 30. h4 gxh4 31. Kh3 f5 32. gxf5 Nxf5 33. Ne5+ Kg7 34. Rxc6 Rxc6 35. Rxc6 Rb8 36. Ra6 b4 37. axb4 axb4 38. Ra7+ Kg8 39. Kg4 b3 40. Ra1 Nd6 41. Kxh4 Nb5 42. Nd3 Nc3 43. Nb2 Rf8 44. Kg3 Ne4+ 45. Kg4 Rxf2 46. Nc4 Rc2 47. Na3 Ra2 48. Rxa2 bxa2 49. Nc2 Kf7 50. Kf4 Nc3 51. e4 h5 52. e5 Kg6 53. Na1 Nd5+ 54. Ke4 Nb4 55. d5 h4 56. d6 Kf7 57. Kf4 Ke6 58. Kg4 Nd3 59. Kxh4 Nxe5 60. Kg3 Kxd6 61. Kf2 Kd5 62. Ke3 Kc4 63. Kd2 Nd3 64. Kc2 Nb4+ 65. Kb2 Kd3 66. Ka3 Nc2+ 67. Kxa2 1/2-1/2


[Site "https://www.chess.com"]

[Event "Titled Tuesday Blitz November 07 Early 2023"]
[White "Pham, Le Thao Nguyen"]
[Black "crazy_m_attack"]
[WhiteFideId "12401226"]
[WhiteElo "2525"]
[BlackElo "2445"]
[Result "1-0"]
[Round "9"]
[TimeControl "180+1"]
[Date "2023.11.07"]
[WhiteClock "0:00:42"]
[BlackClock "0:00:37"]
[Board "90"]

1. d4 Nf6 2. Nf3 d5 3. c4 e6 4. Nc3 Be7 5. Bg5 O-O 6. e3 h6 7. Bh4 Ne4 8. Bxe7 Qxe7 9. cxd5 Nxc3 10. bxc3 exd5 11. Qb3 c6 12. Bd3 Be6 13. O-O c5 14. Qa3 Rc8 15. Rfe1 Qc7 16. Rab1 b6 17. e4 Nd7 18. h3 cxd4 19. cxd4 Qf4 20. e5 h5 21. Ba6 Rc7 22. Rbc1 Rxc1 23. Qxc1 Qf5 24. Qd2 Nf8 25. Bd3 Rc8 26. Bxf5 Bxf5 27. Rc1 Rd8 28. Ng5 Ne6 29. Nxe6 Bxe6 30. Rc7 a5 31. Qg5 Rb8 32. Qe7 b5 33. Rb7 Rc8 34. Rxb5 Rc1+ 35. Kh2 Rc2 36. Qg5 g6 37. Rb8+ Kh7 38. Qf6 1-0


[Site "https://www.chess.com"]